 Dungeon Crawl Stone Soup version 0.31.0-4-g52a2dc7128 (webtiles) character file.

Game seed: 3610804484290365931

399 Killerpretzel the Conjurer (level 6, -2/32 HPs)
             Began as a Deep Elf Conjurer on Jan 23, 2024.
             Slain by Pikel
             ... wielding a +1 whip of freezing
              (8 damage)
             ... on level 4 of the Dungeon.
             The game lasted 01:03:36 (4044 turns).

Killerpretzel the Conjurer (Deep Elf Conjurer)      Turns: 4044, Time: 01:03:36

Health: -2/32      AC:  3    Str:  4    XL:     6   Next: 54%
Magic:  13/17      EV: 12    Int: 25    God:
Gold:   161        SH:  0    Dex: 13    Spells: 14/17 levels left

rFire   + . .        m - +0 whip
rCold   x . .        (no shield)
rNeg    . . .        a - +0 robe
rPois   .            (no helmet)
rElec   .            o - +0 cloak
rCorr   .            (no gloves)
SInv    .            (no boots)
Will    .....        (no amulet)
Stlth   ++           v - ring of fire
HPRegen 0.25/turn    (no ring)
MPRegen 0.15/turn

%: no passive effects
@: about to teleport
A: no striking features
a: no special abilities


You were on level 4 of the Dungeon.
You visited 1 branch of the dungeon, and saw 5 of its levels.

You collected 161 gold pieces.

Inventory:

Hand Weapons
 m - a +0 whip (weapon)
 t - a +0 dagger
 x - a +0 dagger
 y - a +0 dagger
 z - a +0 spear
 B - a +0 whip
Missiles
 e - 28 stones
 u - 5 atropa-tipped darts
 w - 4 boomerangs (quivered)
Armour
 a - a +0 robe (worn)
 b - a +0 robe
 h - a +2 pair of gloves
 o - a +0 cloak (worn)
 r - a +0 robe
Jewellery
 v - a ring of fire (left hand)
Talismans
 i - a maw talisman
Wands
 A - a wand of mindburst (20)
Scrolls
 d - 4 scrolls of immolation
 j - 2 scrolls of poison {unknown}
 k - a scroll of identify {unknown}
 l - 2 scrolls of fear {unknown}
 p - a scroll of blinking {unknown}
 q - 2 scrolls of vulnerability {unknown}
Potions
 c - a potion of attraction {unknown}
 f - 2 potions of curing {unknown}
 n - a potion of ambrosia {unknown}
 s - 3 potions of mutation {unknown}


   Skills:
 - Level 0.2 Fighting
 - Level 2.8 Dodging
 - Level 3.4 Stealth
 * Level 6.3 Spellcasting
 * Level 6.7 Conjurations


You had 14 spell levels left.
You knew the following spells:

 Your Spells              Type           Power      Damage    Failure   Level
a - Magic Dart            Conj           100%       1d8       1%          1
b - Searing Ray           Conj           82%        2d7       1%          2

Your spell library contained the following spells:

 Spells                   Type           Power      Damage    Failure   Level
 Fulminant Prism          Conj/Alch      12%        3d9       19%         4
 Iskenderun's Mystic Bla  Conj/Tloc      24%        2d7       19%         4


Dungeon Overview and Level Annotations

Branches:
Dungeon (5/15)             Temple (0/1) D:4

Altars:
Hepliaklqana

Shops:
D:2 ?==   D:3 (

Annotations:
D:2 !terence, Natasha, Terence
D:4 1 exclusion, Pikel


Message History

You don't know that spell.
Casting: Magic Dart (safe; 1% risk of failure)
Confirm with . or Enter, or press ? or * to list all spells.
Aiming: Magic Dart (safe; 1% risk of failure)
Press: ? - help, Shift-Dir - straight line, f - Pikel
Aim: Pikel, wielding a +1 whip of freezing and wearing a +0 robe (100% to hit)
The magic dart hits Pikel but does no damage.
The lemure shouts!
Casting: Magic Dart (safe; 1% risk of failure)
Confirm with . or Enter, or press ? or * to list all spells.
Aiming: Searing Ray (safe; 1% risk of failure)
Press: ? - help, Shift-Dir - straight line, f/p - Pikel
Aim: Pikel, wielding a +1 whip of freezing and wearing a +0 robe (77% to hit)
The searing ray hits Pikel.
Pikel is lightly wounded. (Press . to maintain the ray.)
Casting: Searing Ray (safe; 1% risk of failure)
Confirm with . or Enter, or press ? or * to list all spells.
Aiming: Searing Ray (safe; 1% risk of failure)
Press: ? - help, Shift-Dir - straight line, f/p - Pikel
Aim: Pikel, wielding a +1 whip of freezing and wearing a +0 robe (lightly wounded, 77% to hit)
The searing ray hits Pikel.
Pikel is moderately wounded. (Press . to maintain the ray.)
The searing ray hits Pikel.
Pikel is moderately wounded.
Pikel hits you with a +1 whip of freezing!
Pikel freezes you.
As you read the scroll of teleportation, it crumbles to dust.
You feel strangely unstable.
Pikel hits you with a +1 whip of freezing!
* * * LOW HITPOINT WARNING * * *
Pikel freezes you.
* * * LOW HITPOINT WARNING * * *
Pikel says, "You'll feel the lick of my whip!"
Pikel attacks as he pursues you! Pikel barely misses you.
Pikel attacks as he pursues you!
Pikel hits you with a +1 whip of freezing!
You die...
Pikel says, "See you in Hell!"

.###.....# .# ..####)###
# #.# ...#.)...#.## #.#
...#..[..#..# #.#
...'.....'...# #.#
#..#.....#.... #.. ###
##.#.....#.....#.###....
######'####....#........
.# #.....###...'@.#
..###.....###..#K.# o..
##.....### #..# ...
##....†## #5.# ...
##.....###..#
##'#######'####...#
...........5.....##
.#.######..#####..##
...# #<.## ##..#


You could see Pikel and a lemure.

Vanquished Creatures
  2 phantoms
  An orc priest (D:4)
  A hound (D:4)
  An iguana (D:4)
  Natasha (D:2)
  An orc wizard (D:4)
  4 adders
  2 dart slugs
  A ribbon worm (D:4)
  5 orcs
  10 ball pythons
  7 bats
  6 endoplasms
  3 giant cockroaches
  8 goblins
  3 hobgoblins
  4 jackals
  3 quokkas
  2 frilled lizards (D:1)
  4 kobolds
  A quokka zombie (D:4)
  5 rats
  A rat zombie (D:4)
76 creatures vanquished.

Notes
Turn   | Place    | Note
-------+----------+-------------------------------------------
     0 | D:1      | Killerpretzel the Deep Elf Conjurer began the quest for the
                  | Orb.
     0 | D:1      | Reached XP level 1. HP: 10/10 MP: 6/6
   557 | D:1      | Reached XP level 2. HP: 15/15 MP: 6/8
   881 | D:2      | Found Yvvegurch's Jewellery Emporium.
   907 | D:2      | Noticed Terence
   996 | D:2      | Reached skill level 5 in Conjurations
  1098 | D:2      | Reached XP level 3. HP: 19/19 MP: 7/10
  1182 | D:2      | Noticed Natasha
  1327 | D:2      | Found Pekil's Jewellery Shop.
  1407 | D:2      | Found Ofentet's Magic Scroll Shoppe.
  1449 | D:2      | Killed Natasha
  1450 | D:2      | Reached XP level 4. HP: 12/24 MP: 5/11
  1629 | D:2      | Noticed Natasha
  1783 | D:3      | Found Qelaruih's Antique Weapon Boutique.
  1895 | D:3      | Found a faded altar of an unknown god.
  2315 | D:3      | Found a faded altar of an unknown god.
  2315 | D:3      | Found a hazy altar of Hepliaklqana.
  2318 | D:3      | Found a faded altar of an unknown god.
  2459 | D:3      | Learned a level 2 spell: Searing Ray
  2680 | D:4      | Noticed a phantom
  2694 | D:4      | Killed a phantom
  2695 | D:4      | Reached XP level 5. HP: 16/28 MP: 4/14
  2906 | D:4      | Noticed a lemure
  2908 | D:4      | Noticed a lemure
  3249 | D:4      | Noticed a phantom
  3253 | D:4      | Reached skill level 5 in Spellcasting
  3264 | D:5      | Entered Level 5 of the Dungeon
  3271 | D:5      | Killed a phantom
  3272 | D:5      | Reached XP level 6. HP: 7/32 MP: 8/16
  3475 | D:4      | Found a staircase to the Ecumenical Temple.
  3791 | D:4      | Noticed Pikel
  4044 | D:4      | Slain by Pikel

Illustrated notes

Levels and vault maps discovered:
D:1:      dpeg_arrival_three_same_balls, layout_basic,
          amcnicky_mini_rare_corridor_liquid
D:2:      layout_rooms, serial_shops, nicolae_shop_rolled_up, shop,
          nicolae_shop_tiny_statue_garden, uniq_terence, uniq_natasha
D:3:      kb_forest_paths, layout_loops_ring,
          nicolae_hepliaklqana_ecumenical_no_more,
          hellmonk_ecumenical_altar_blasted, serial_shops,
          nicolae_shop_tiny_waterfront
D:4:      layout_rooms, minmay_temple_entry_trees, enter_ossuary_4,
          hangedman_decor_slide_cut, minmay_misc_feat_hallway,
          minmay_quadrilaterals, uniq_pikel
D:5:      layout_cave_pods, kennysheep_okawaru_gauntlet

Skill      XL: |  1  2  3  4  5  6 |
---------------+-------------------+-----
Conjurations   | 5 6 |  6.7
Spellcasting   | 4 5 6 |  6.3
Stealth        | 3 |  3.4
Fighting       | |  0.2
Dodging        | |  2.8

Action                     |  1- 3 |  4- 6 || total
---------------------------+-------+-------++-------
  Melee: Whip              |       |     1 ||     1
   Cast: Magic Dart        |    57 |    83 ||   140
         Searing Ray       |       |    21 ||    21
    Use: Scroll            |     1 |     1 ||     2
         Potion            |       |     1 ||     1
 Armour: Robe              |    10 |    20 ||    30
  Dodge: Dodged            |     3 |    16 ||    19
